 Dungeon Crawl Stone Soup version 0.17-a0-2073-gde5cdba (webtiles) character file.

8 st0uf the Magician (level 2, -5/19 HPs)
             Began as a Mummy Wizard on Oct 15, 2015.
             Slain by a kobold
             ... wielding a +0 short sword
              (7 damage)
             ... on level 1 of the Dungeon.
             The game lasted 00:02:53 (413 turns).

st0uf the Magician (Mummy Wizard)                    Turns: 413, Time: 00:02:53

Health: -5/19      AC:  2    Str: 10    XL:     2   Next: 0%
Magic:  1/6        EV: 12    Int: 17    God:
Gold:   0          SH:  0    Dex: 10    Spells: 1 memorised, 6 levels left

rFire  x . .     SeeInvis .     (no weapon)
rCold  + . .     Clarity  .     a - +0 robe
rNeg   + + +     SustAt   .     (no shield)
rPois  ∞         Gourm    .     b - +0 hat
rElec  .         Spirit   .     (no cloak)
rCorr  .         Warding  .     (no gloves)
rMut   .         Stasis   .     (no boots)
MR     .....                    (no amulet)
Stlth  ++........               (no ring)
                                (no ring)

@: very slightly contaminated, not resistant to hostile enchantments, unstealthy
A: no food or potions, fire vulnerability, cold resistance 1, negative energy
resistance 3, torment resistance, unbreathing
a: no special abilities


You were on level 1 of the Dungeon.
You were not hungry.

You visited 1 branch of the dungeon, and saw 2 of its levels.

Inventory:

Armour
 a - a +0 robe (worn)
 b - a +0 hat (worn)
Jewellery
 f - an uncursed ring of positive energy {unknown}
Scrolls
 d - a scroll of identify {unknown}
 e - a scroll of remove curse {unknown}
Books
 c - a book of Minor Magic

   Spells                             Type                      Level
   a - Magic Dart                     Conjuration                  1
   b - Blink                          Translocation                2
   c - Call Imp                       Summoning                    2
   d - Repel Missiles                 Charms/Air                   2
   e - Slow                           Hexes                        2
   f - Conjure Flame                  Conjuration/Fire             3
   g - Mephitic Cloud                 Conjuration/Poison/Air       3


   Skills:
 - Level 1.5 Dodging
 - Level 1.5 Stealth
 + Level 3.1 Spellcasting
 + Level 1.3 Conjurations
   Level 0.7 Summonings
   Level 0.7 Translocations


You had 6 spell levels left.
You knew the following spells:

 Your Spells              Type           Power        Failure   Level  Hunger
a - Magic Dart            Conj           #...         12%         1    N/A

Dungeon Overview and Level Annotations

Branches:
Dungeon (2/15)

Altars:


Innate Abilities, Weirdness & Mutations

You do not eat or drink.
Your flesh is vulnerable to fire.
You are immune to poison.
Your flesh is cold resistant.
You are immune to negative energy.
You are immune to unholy pain and torment.
You can survive without breathing.


Message History

* * * LOW HITPOINT WARNING * * *
The bat barely misses you.
Found a scroll labeled DUNUDD NOSIO.
The bat barely misses you. The bat misses you. The bat hits you.
* * * LOW HITPOINT WARNING * * *
The bat closely misses you. x3
The bat hits you but does no damage. The bat hits you.
* * * LOW HITPOINT WARNING * * *
The bat hits you but does no damage. The bat hits you but does no damage.
The bat hits you but does no damage. x2
The bat hits you.
* * * LOW HITPOINT WARNING * * *
You see here a pearl ring.
f - a pearl ring The bat closely misses you.
The bat hits you.
* * * LOW HITPOINT WARNING * * *
The bat closely misses you. The kobold hits you with a short sword!
You die...

.......(...........# ##.#
....(..............# #...
...................####
#..#
.......###............#
#.#.
.$.....####.........>.#
#..#
......J†K#............#
#.#.
..>..###.K......).....#
#..# ######
##..K...Kb)....########.#.
##..g.g.@.......#.......#
........lb#######....#..##.
#######†....#####....#..###
##..#..##...##....###
#..#.......####.....
##.........## #.##..
##.........# #.####
##........# #.# ##.......#
###


You could see a gnoll, a giant gecko, a hobgoblin, 2 bats and 3 kobolds.

Vanquished Creatures
  An ooze (D:1)
  A hobgoblin (D:1)
  A giant newt (D:1)
  2 rats (D:1)
5 creatures vanquished.

Notes
Turn   | Place    | Note
--------------------------------------------------------------
     0 | D:1      | st0uf the Mummy Wizard began the quest for the Orb.
     0 | D:1      | Reached XP level 1. HP: 13/13 MP: 4/4
    76 | D:1      | Reached skill level 1 in Conjurations
   374 | D:1      | You fall through a shaft!
   399 | D:1      | Reached XP level 2. HP: 14/19 MP: 3/6
   413 | D:1      | Slain by a kobold

Vault maps used:
D:1:      lightli_arrival_chessboard, minmay_box_of_dots
D:2:      overflow_temple_1_default, minmay_goblin_outpost

Action                   || total
-------------------------++-------
 Cast: Magic Dart        ||    21
